 Dungeon Sprint DCSS version 0.28-a0-313-gbc0475efdd (webtiles) character file.

Game seed: 17805132811998399444

490 Ankalagon the Blocker (level 7, -8/41 HPs)
             Began as a Gargoyle Fighter on Aug 31, 2021.
             Mangled by a wyvern (12 damage)
             ... in the Dungeon (Sprint II: "The Violet Keep of Menkaure").
             The game lasted 00:00:46 (271 turns).

Ankalagon the Blocker (Gargoyle Fighter)             Turns: 271, Time: 00:00:47

Health: -8/41      AC: 11    Str: 19    XL:     7   Next: 14%
Magic:  7/7        EV:  8    Int:  9    God:
Gold:   243        SH: 11    Dex: 11    Spells: 6/6 levels left

rFire   . . .      SeeInvis .   a - +0 flail
rCold   . . .      Faith    .   c - +0 kite shield
rNeg    + . .      Spirit   .   b - +0 scale mail
rPois   ∞          Reflect  .   (no helmet)
rElec   +          Harm     .   (no cloak)
rCorr   .          Rampage  .   (no gloves)
Will    .....      NoTele   +   (no boots)
Stlth   ..........              (no amulet)
HPRegen 0.13/turn               (no ring)
MPRegen 0.10/turn               (no ring)

@: no status effects
A: sickness immunity, AC +4, negative energy resistance 1, electricity
resistance, torment resistance 1, petrification resistance
a: no special abilities


You were in the Dungeon.
You visited 1 branch You collected 243 gold pieces.

Inventory:

Hand Weapons
 a - a +0 flail (weapon)
Armour
 b - a +0 scale mail (worn)
 c - a +0 kite shield (worn)
Scrolls
 j - a scroll of blinking
Potions
 d - a potion of might
 e - a potion of curing
 f - a potion of heal wounds
 g - a potion of haste
 h - 2 potions of magic


   Skills:
 - Level 3.2 Fighting
 + Level 10.6 Maces & Flails
 - Level 3.2 Armour
 + Level 11.7 Shields


You had 6 spell levels left.
You didn't know any spells.
Your spell library was empty.

Dungeon Overview and Level Annotations

Branches:
Dungeon (1/1)

Altars:


Innate Abilities, Weirdness & Mutations

You are immune to sickness and miasma.
Your stone body is resilient. (AC +4)
You are immune to poison.
You resist negative energy. (rN+)
You are resistant to electric shocks. (rElec)
You are resistant to unholy torment.
You are immune to petrification.


Message History

You block the wyvern's attack. The wyvern bites you.
You hit the wyvern but do no damage.
The wyvern is severely wounded.
You block the wyvern's attack.
You sock the wyvern!
You kill the wyvern!
You block the wyvern's attack.
Your Maces & Flails skill increases to level 10!
Your Shields skill increases to level 11!
You have reached level 7!
You closely miss the wyvern.
The wyvern bites you but does no damage.
You sock the wyvern!
The wyvern is moderately wounded.
You block the wyvern's attack.
You closely miss the wyvern.
The wyvern is moderately wounded.
The wyvern closely misses you.
The wyvern bites you but does no damage.
You hit the wyvern.
The wyvern is heavily wounded.
The wyvern barely misses you.
You closely miss the wyvern.
The wyvern is heavily wounded.
You block the wyvern's attack. x2
Your shield and scale mail prevent you from hitting the wyvern.
The wyvern is heavily wounded.
The wyvern closely misses you.
You closely miss the wyvern.
The wyvern is heavily wounded.
The wyvern bites you. The wyvern bites you!
* * * LOW HITPOINT WARNING * * *
You hit the wyvern.
The wyvern is heavily wounded.
You block the wyvern's attack.
You hit the wyvern.
The wyvern is severely wounded.
The wyvern bites you but does no damage.
The wyvern bites you!
You die...

## ##
##. .##
#..#..#
#...# #
##'##
.#
##.##$#
+.<@l#
##.##.#
#+# .#
#


You could see a wyvern.

Vanquished Creatures
  A wyvern (D)
  4 necrophages (D)
5 creatures vanquished.

Notes
Turn   | Place    | Note
-------+----------+-------------------------------------------
     0 | D        | Ankalagon the Gargoyle Fighter began the quest for the Orb.
     0 | D        | Reached XP level 1. HP: 14/14 MP: 1/1
     1 | D        | Noticed a necrophage
     1 | D        | Noticed a necrophage
     1 | D        | Noticed a necrophage
     1 | D        | Noticed a necrophage
     9 | D        | Killed a necrophage
    10 | D        | Reached skill level 7 in Shields
    10 | D        | Reached XP level 2. HP: 19/19 MP: 2/2
    10 | D        | Reached XP level 3. HP: 23/23 MP: 3/3
    10 | D        | Reached XP level 4. HP: 28/28 MP: 4/4
    15 | D        | Killed a necrophage
    16 | D        | Reached skill level 9 in Shields
    16 | D        | Reached XP level 5. HP: 32/32 MP: 5/5
    32 | D        | Killed a necrophage
    33 | D        | Reached skill level 10 in Shields
    33 | D        | Reached XP level 6. HP: 15/37 MP: 6/6
    41 | D        | Killed a necrophage
   252 | D        | Noticed a wyvern
   252 | D        | Noticed a wyvern
   262 | D        | Killed a wyvern
   263 | D        | Reached skill level 10 in Maces & Flails
   263 | D        | Reached skill level 11 in Shields
   263 | D        | Reached XP level 7. HP: 18/41 MP: 7/7
   271 | D        | Mangled by a wyvern

Illustrated notes

Levels and vault maps discovered:
D:        the_violet_keep_of_menkaure [sprint2_stairs_cluster_1,
          sprint2_shoproom, sprint2_temple, sprint2_basic_supplies,
          sprint2_obstacle_7, sprint2_obstacle_1, sprint2_obstacle_2,
          sprint2_obstacle_4, sprint2_obstacle_3, sprint2_timed_cluster_1,
          sprint2_smallroom_cluster_1, sprint2_smallroom_final_cluster_1,
          sprint2_transparent_cluster_1, sprint2_second_timed_cluster_1,
          sprint2_sniper_area_1, sprint2_heavy_combat_area_1,
          sprint2_mutation_trap_area_1, sprint2_forest_area_1,
          sprint2_light_combat_area_1, sprint2_behind_water_1,
          sprint2_near_end_vault_1]

Skill      XL: |  1  2  3  4  5  6 |
---------------+-------------------+-----
Maces & Flails | 6 8 9 10 | 10.6
Shields        | 7 9 10 11 | 11.7
Fighting       | |  3.2
Armour         | |  3.2

Action                   |  1- 3 |  4- 6 |  7- 9 || total
-------------------------+-------+-------+-------++-------
Melee: Flail             |     6 |    40 |     9 ||    55
  Use: Potion            |     1 |       |       ||     1
Armor: Scale mail        |       |    14 |     3 ||    17
Dodge: Dodged            |     4 |    15 |     3 ||    22
Block: Kite shield       |     1 |    19 |     4 ||    24

Table legend: (Time is in decaauts)
 A = Elapsed time spent in this place.
 B = Non-inter-level travel time spent in this place.
 C = Inter-level travel time spent in this place.
 D = Time resting spent in this place.
 E = Time spent auto-exploring this place.
 F = Levels seen in this place.
 G = Mean time per level.
                   A        B        C        D        E       F      G
               +--------+--------+--------+--------+--------+-----+--------+
         Total |    282 |    282 |      0 |    204 |      0 |   1 |  282.0 |
       Dungeon |    282 |    282 |      0 |    204 |      0 |   1 |  282.0 |
               +--------+--------+--------+--------+--------+-----+--------+

Top non-repeatable levels by time:
       D: 282 daAuts
